Map: Romanticide LE

Players

Nina

  • Race: Protoss Protoss

Neeb - Winner!

  • Race: Protoss Protoss

Event: DreamHack SC2 Masters 2021 Fall

VOD

Have the link to the VOD?

Description

Time

  • Played on: Aug. 8, 2021, 4:04 p.m.
  • Length: 12:10

All games in this series

Show
View Real Time Build Order
Export as new Build Order

Nina Protoss 

Build Orders:  

Get SALT Encoding   

  12  0:00  Probe  
  13  0:12  Probe  
  14  0:17  Pylon  
  14  0:24  Probe  
  15  0:35  Gateway  
  15  0:37  Probe (Chrono Boost)  
  16  0:46  Probe (Chrono Boost)  
  16  0:48  Assimilator  
  17  0:51  Probe (Chrono Boost)  
  17  0:55  Assimilator  
  18  1:03  Probe (Chrono Boost)  
  19  1:08  Gateway  
  19  1:12  Probe (Chrono Boost)  
  19  1:17  Probe (Chrono Boost)  
  20  1:23  Cybernetics Core  
  21  1:30  Probe  
  21  1:32  Pylon  
  22  1:42  Probe  
  23  1:54  Probe  
  24  1:59  Stalker  
  24  2:00  Stalker  
  28  2:04  Warp Gate  
  28  2:06  Probe  
  29  2:08  Pylon  
  29  2:18  Probe  
  30  2:31  Stalker, Probe  
  33  2:37  Sentry  
  35  2:47  Nexus  
  35  2:50  Probe  
  36  2:56  Pylon  
  36  3:02  Shield Battery  
  36  3:06  Probe  
  36  3:10  Shield Battery  
  37  3:18  Probe  
  38  3:29  Twilight Council  
  38  3:30  Probe  
  38  3:34  Forge  
  39  3:42  Probe  
  40  3:53  Stalker x2  
  40  3:54  Probe  
  45  4:01  Blink (Chrono Boost)  
  43  4:06  Probe  
  44  4:12  Probe  
  44  4:15  Phoenix  
  45  4:18  Probe  
  45  4:19  Stalker  
  45  4:23  Stalker  
  50  4:25  Probe  
  50  4:27  Protoss Ground Weapons Level 1  
  51  4:32  Probe  
  51  4:37  Pylon  
  51  4:38  Probe  
  53  4:43  Stalker  
  53  4:44  Probe  
  56  4:50  Probe  
  57  4:56  Probe  
  57  5:02  Probe  
  57  5:05  Nexus  
  58  5:08  Probe  
  58  5:10  Shield Battery  
  58  5:15  Stalker  
  58  5:17  Stalker  
  58  5:20  Probe  
  63  5:22  Probe  
  64  5:30  Robotics Facility  
  64  5:32  Probe  
  65  5:36  Gateway  
  65  5:39  Stalker  
  65  5:40  Probe  
  65  5:41  Stalker  
  70  5:45  Assimilator  
  70  5:50  Pylon  
  70  5:55  Gateway  
  70  6:08  Stalker x2, Probe x2  
  74  6:20  Probe  
  71  6:29  Probe (Chrono Boost)  
  71  6:30  Probe (Chrono Boost)  
  71  6:32  Probe (Chrono Boost)  
  70  6:34  Stalker x2  
  70  6:35  Stalker  
  76  6:41  Assimilator  
  76  6:42  Pylon, Probe x2 (Chrono Boost)  
  76  6:44  Protoss Ground Weapons Level 2 (Chrono Boost)  
  76  6:46  Probe (Chrono Boost)  
  79  6:47  Observer  
  79  6:51  Probe x2 (Chrono Boost)  
  79  6:52  Probe (Chrono Boost)  
  83  6:54  Pylon  
  83  6:57  Pylon, Probe  
  83  6:58  Probe  
  83  6:59  Probe  
  85  7:04  Phoenix  
  85  7:07  Robotics Bay  
  85  7:11  Probe x3 (Chrono Boost)  
  85  7:13  Sentry  
  90  7:17  Gateway  
  90  7:19  Gateway  
  90  7:22  Gateway  
  93  7:24  Probe (Chrono Boost)  
  93  7:28  Assimilator, Probe x2 (Chrono Boost)  
  93  7:29  Assimilator  
  93  7:32  Observer (Chrono Boost)  
  93  7:36  Robotics Facility  
  94  7:37  Pylon  
  94  7:39  Stalker x2  
  94  7:44  Photon Cannon  
  98  7:59  Disruptor (Chrono Boost)  
  101  8:06  Pylon, Nexus  
  101  8:09  Stalker x2  
  101  8:12  Photon Cannon  
  105  8:17  Stalker x2  
  109  8:22  Pylon  
  109  8:26  Disruptor (Chrono Boost)  
  112  8:30  Pylon  
  112  8:32  Disruptor (Chrono Boost), Photon Cannon  
  115  8:39  Probe  
  115  8:40  Probe x2  
  115  8:41  Stalker  
  120  8:46  Pylon  
  120  8:51  Photon Cannon, Probe  
  120  8:54  Zealot x2  
  126  8:55  Observer (Chrono Boost)  
  126  8:57  Disruptor (Chrono Boost)  
  126  9:06  Stalker x2  
  114  9:10  Stalker x3  
  114  9:11  Disruptor (Chrono Boost)  
  114  9:17  Stalker  
  121  9:19  Photon Cannon  
  121  9:22  Zealot  
  122  9:27  Shield Battery  
  122  9:37  Photon Cannon  
  125  9:39  Disruptor (Chrono Boost)  
  125  9:47  Stalker x4  
  133  9:53  Pylon  
  133  9:57  Pylon  
  132  10:03  Nexus  
  132  10:12  Disruptor x2 (Chrono Boost)  
  138  10:15  Pylon  
  138  10:20  Pylon  
  138  10:26  Shield Battery  
  138  10:37  Stalker x2  
  138  10:39  Disruptor (Chrono Boost)  
  138  10:42  Disruptor  
  144  10:45  Stalker  
  141  11:00  Stalker x5  
  151  11:11  Pylon x2  
  147  11:19  Disruptor  
  147  11:23  Stalker x3  
  148  11:33  Nexus  
  148  11:35  Pylon  
  148  11:37  Pylon  
  148  11:39  Observer  
  129  11:49  Stalker x4  
  108  11:56  Zealot x3  
  105  12:06  Stalker x2  
Show
View Real Time Build Order
Export as new Build Order

Neeb Protoss - Winner!

Build Orders: Oracle Opening 

Get SALT Encoding   

  12  0:00  Probe  
  13  0:12  Probe  
  14  0:17  Pylon  
  14  0:24  Probe (Chrono Boost)  
  15  0:36  Gateway, Probe (Chrono Boost)  
  16  0:43  Probe (Chrono Boost)  
  16  0:45  Assimilator  
  17  0:51  Probe  
  17  0:55  Assimilator  
  18  1:03  Probe (Chrono Boost)  
  19  1:07  Gateway  
  19  1:13  Probe (Chrono Boost)  
  20  1:18  Probe (Chrono Boost)  
  20  1:25  Cybernetics Core  
  21  1:29  Probe  
  22  1:36  Pylon  
  22  1:41  Probe  
  23  2:01  Adept x2, Warp Gate  
  27  2:05  Probe  
  28  2:14  Pylon  
  28  2:16  Stargate  
  28  2:21  Pylon  
  28  2:34  Stalker  
  28  2:36  Stalker  
  32  2:56  Nexus  
  32  3:02  Oracle (Chrono Boost)  
  35  3:08  Probe  
  36  3:15  Pylon  
  36  3:20  Probe  
  37  3:32  Probe (Chrono Boost)  
  38  3:34  Twilight Council  
  38  3:44  Probe (Chrono Boost)  
  38  3:45  Forge  
  39  3:48  Probe (Chrono Boost)  
  38  3:59  Probe (Chrono Boost)  
  39  4:09  Blink (Chrono Boost), Probe (Chrono Boost)  
  38  4:11  Sentry  
  38  4:16  Probe (Chrono Boost)  
  41  4:17  Shield Battery  
  41  4:18  Probe (Chrono Boost)  
  41  4:23  Probe (Chrono Boost)  
  43  4:25  Protoss Ground Weapons Level 1 (Chrono Boost), Probe (Chrono Boost)  
  44  4:35  Probe (Chrono Boost)  
  46  4:39  Probe (Chrono Boost)  
  46  4:40  Probe (Chrono Boost)  
  47  4:47  Nexus, Probe  
  47  4:50  Sentry, Probe  
  51  4:59  Assimilator, Probe  
  52  5:03  Probe  
  53  5:10  Pylon  
  53  5:11  Probe  
  54  5:15  Probe  
  54  5:18  Stalker x2  
  59  5:23  Probe  
  59  5:26  Gateway  
  59  5:27  Gateway, Probe  
  61  5:34  Shield Battery  
  61  5:35  Probe  
  62  5:39  Probe  
  62  5:40  Robotics Facility  
  63  5:44  Stalker  
  63  5:45  Pylon  
  63  5:48  Stalker  
  63  5:49  Probe  
  68  5:54  Pylon, Probe  
  69  5:59  Probe  
  68  6:05  Probe  
  68  6:07  Probe  
  68  6:10  Stalker  
  68  6:11  Probe  
  73  6:16  Stalker  
  73  6:17  Probe  
  72  6:20  Probe  
  72  6:23  Stalker x2  
  77  6:27  Shield Battery  
  77  6:28  Protoss Ground Weapons Level 2 (Chrono Boost)  
  77  6:31  Probe  
  72  6:33  Probe  
  72  6:37  Probe  
  72  6:39  Stalker x2  
  77  6:46  Probe  
  78  6:49  Probe  
  78  6:51  Probe  
  78  6:52  Charge  
  77  6:54  Assimilator  
  77  6:58  Probe  
  77  7:00  Stalker x2  
  82  7:01  Pylon  
  82  7:02  Stalker  
  82  7:08  Stalker  
  86  7:12  Gateway  
  86  7:17  Gateway, Probe  
  86  7:18  Gateway  
  86  7:21  Gateway  
  87  7:24  Sentry  
  89  7:30  Sentry  
  89  7:32  Nexus  
  89  7:35  Pylon  
  91  7:39  Observer  
  91  7:40  Pylon, Gateway  
  91  7:41  Gateway  
  91  7:43  Phoenix  
  92  7:46  Pylon  
  92  7:54  Pylon  
  92  7:55  Pylon  
  92  7:57  Templar Archives, Zealot x3  
  92  7:58  Zealot  
  100  8:06  Warp Prism  
  100  8:11  Probe x2  
  104  8:13  Pylon  
  104  8:18  Zealot x6  
  104  8:19  Zealot  
  118  8:24  Zealot  
  118  8:25  Probe x2  
  122  8:27  Probe  
  122  8:32  Pylon  
  123  8:41  Stargate  
  123  8:43  Stargate, Zealot x4  
  131  8:49  Assimilator, Probe  
  131  8:50  Assimilator, Probe  
  131  8:52  Probe x2  
  129  9:05  Zealot x6  
  135  9:10  Probe x2  
  135  9:16  Probe  
  138  9:17  Photon Cannon  
  138  9:22  Assimilator, Immortal  
  142  9:24  Phoenix (Chrono Boost)  
  142  9:25  Assimilator  
  142  9:26  Protoss Ground Weapons Level 3 (Chrono Boost)  
  144  9:31  Phoenix (Chrono Boost)  
  144  9:33  Probe x3  
  144  9:34  Probe  
  150  9:40  Phoenix  
  146  9:53  Pylon  
  146  9:54  Shield Battery, Phoenix (Chrono Boost)  
  146  9:59  Immortal (Chrono Boost)  
  148  10:04  High Templar x4  
  148  10:05  Zealot x6  
  170  10:09  Archon  
  170  10:10  Archon  
  170  10:11  Phoenix (Chrono Boost)  
  172  10:16  Phoenix (Chrono Boost)  
  172  10:18  Pylon  
  172  10:20  Pylon x2  
  174  10:23  Photon Cannon  
  174  10:25  Zealot x2  
  174  10:26  Zealot x3  
  184  10:32  Zealot  
  186  10:39  Zealot x2  
  186  10:40  Zealot x2  
  194  10:57  Phoenix x2 (Chrono Boost)  
  190  11:03  Twilight Council  
  184  11:04  Fleet Beacon  
  184  11:05  Stargate  
  184  11:07  Zealot x7  
  198  11:16  Photon Cannon  
  196  11:19  Phoenix x2 (Chrono Boost)  
  190  11:33  Zealot x4  
  190  11:34  Zealot  
  188  11:48  Zealot x4  
  164  12:01  Zealot x6  

Tags
 
Add a new tag
Caveats
  • Supply blocks, unpowered buildings, or Contaminate may cause inaccurate times.
  • Supply counts are checked every 10 seconds.